 Dungeon Crawl Stone Soup version 0.29-a0-330-g52719c12eb (webtiles) character file.

Game seed: 10281489511400856980

77 Alarak the Chopper (level 4, -8/39 HPs)
             Began as a Hill Orc Monk on Apr 21, 2022.
             Was a Believer of Makhleb.
             Mangled by Sigmund
             ... wielding a +0 scythe
              (9 damage)
             ... on level 2 of the Dungeon.
             The game lasted 00:04:06 (1989 turns).

Alarak the Chopper (Hill Orc Monk)                  Turns: 1989, Time: 00:04:07

Health: -8/39      AC:  4    Str: 15    XL:     4   Next: 33%
Magic:  4/4        EV: 12    Int: 10    God:    Makhleb [**....]
Gold:   96         SH:  0    Dex: 13    Spells: 3/3 levels left

rFire   . . .      SeeInvis .   a - +0 hand axe
rCold   . . .      Faith    .   (no shield)
rNeg    . . .      Spirit   .   g - +1 leather armour
rPois   .          Reflect  .   (no helmet)
rElec   .          Harm     .   (no cloak)
rCorr   .          Rampage  .   (no gloves)
Will    .....                   (no boots)
Stlth   ++........              (no amulet)
HPRegen 0.13/turn               (no ring)
MPRegen 0.09/turn               (no ring)

@: no status effects
A: no striking features
a: Renounce Religion, Minor Destruction


You were on level 2 of the Dungeon.
You worshipped Makhleb.
Makhleb was pleased with you.
You visited 1 branch of the dungeon, and saw 2 of its levels.

You collected 96 gold pieces.

Inventory:

Hand Weapons
 a - a +0 hand axe (weapon)
Armour
 b - a +0 robe
 g - a +1 leather armour (worn)
Scrolls
 e - a scroll of blinking
Potions
 c - a potion of ambrosia
 d - a potion of curing {unknown}
 f - 2 potions of flight {unknown}
 h - a potion of heal wounds {unknown}
 i - a potion of degeneration {unknown}


   Skills:
 - Level 3.6 Fighting
 + Level 6.7 Axes
 - Level 2.4 Dodging
 - Level 1.5 Stealth


You had 3 spell levels left.
You didn't know any spells.
Your spell library was empty.

Dungeon Overview and Level Annotations

Branches:
Dungeon (2/15)

Altars:
Makhleb

Annotations:
D:2 Sigmund


Message History

There is a burning altar of Makhleb here.
You kneel at the altar of Makhleb.
Makhleb welcomes you!
You can now gain health from killing.
You can now harness Makhleb's destructive might.
Sigmund mumbles some strange words.
Sigmund flickers and vanishes!
Deactivating autopickup; reactivate with Ctrl-A.
Aiming: Minor Destruction (24% risk of failure)
Press: ? - help, Shift-Dir - straight line Something tries to affect you, but you resist.
There is a strange disturbance nearby!
Something hits you!
You hit something but do no damage. Something hits you!
* * * LOW HITPOINT WARNING * * *
Aiming: Minor Destruction (24% risk of failure)
Press: ? - help, Shift-Dir - straight line You fail to use your ability.
Okay, then.
Unknown command.
Aiming: Minor Destruction (24% risk of failure)
Press: ? - help, Shift-Dir - straight line The puff of flame hits something.
Something hits you but does no damage.
Aiming: Minor Destruction (24% risk of failure)
Press: ? - help, Shift-Dir - straight line You fail to use your ability.
Something barely misses you.
Aiming: Minor Destruction (24% risk of failure)
Press: ? - help, Shift-Dir - straight line
Aiming: Minor Destruction (24% risk of failure)
Press: ? - help, Shift-Dir - straight line You fail to use your ability.
You hear some strange, mumbled words.
Something tries to affect you, but you resist.
Aiming: Minor Destruction (24% risk of failure)
Press: ? - help, Shift-Dir - straight line Something hits you!
* * * LOW HITPOINT WARNING * * *
You don't have enough health at the moment.
You hit something. Something hits you!
You die...

##### ... ..... .. #.#.###### .
#.#......## # #.#.#.....# #
#.#.#.....# ####
#.#.#.._..#####...
#########.#.#.............
####........@{..........##.##
#....÷..............###.##.#
#####.##.####.####.###..###.##.#
.>..#.##.###...###.###.........#
###.#.#..................##.####
# #...#..###...##.####.#.##.#
###.###..# ##†###.# #.#.##.#
....# #..# #.# #.####.......
....# #..## #.###........ ...


There were no monsters in sight!

Vanquished Creatures
  An iguana (D:2)
  2 adders (D:2)
  A dart slug (D:1)
  4 ball pythons
  3 bats (D:1)
  2 giant cockroaches (D:1)
  4 goblins
  4 hobgoblins
  2 jackals (D:1)
  2 kobolds (D:1)
  3 frilled lizards (D:1)
  A rat (D:1)
29 creatures vanquished.

Notes
Turn   | Place    | Note
-------+----------+-------------------------------------------
     0 | D:1      | Alarak the Hill Orc Monk began the quest for the Orb.
     0 | D:1      | Reached XP level 1. HP: 19/19 MP: 1/1
   147 | D:1      | Reached XP level 2. HP: 24/26 MP: 2/2
   258 | D:1      | Reached skill level 5 in Axes
   841 | D:1      | Reached XP level 3. HP: 31/31 MP: 3/3
  1572 | D:2      | Reached skill level 6 in Axes
  1586 | D:2      | Reached XP level 4. HP: 3/39 MP: 4/4
  1930 | D:2      | Found a burning altar of Makhleb.
  1951 | D:2      | Noticed Sigmund
  1966 | D:2      | Became a worshipper of Makhleb the Destroyer
  1966 | D:2      | Reached * piety under Makhleb
  1966 | D:2      | Reached ** piety under Makhleb
  1988 | D:2      | HP: 1/39 [something (7)]
  1989 | D:2      | Mangled by Sigmund

Illustrated notes

Levels and vault maps discovered:
D:1:      minmay_arrival_loop, layout_loops_ring
D:2:      layout_loops_ring, basic_altar, hellmonk_ecumenical_altar_zigzags,
          lightli_corner_chamber, uniq_natasha, uniq_sigmund

Skill      XL: |  1  2  3 |
---------------+----------+-----
Axes           | 5 6 |  6.7
Fighting       | |  3.6
Dodging        | |  2.4
Stealth        | |  1.5

Action                   |  1- 3 |  4- 6 || total
-------------------------+-------+-------++-------
Melee: Hand axe          |   104 |     6 ||   110
Invok: Minor Destruction |       |     4 ||     4
  Use: Scroll            |     2 |       ||     2
 Stab: Sleeping          |     5 |       ||     5
Armor: Robe              |    11 |       ||    11
       Leather armour    |    10 |     1 ||    11
Dodge: Dodged            |    64 |     2 ||    66

Table legend: (Time is in decaauts)
 A = Elapsed time spent in this place.
 B = Non-inter-level travel time spent in this place.
 C = Inter-level travel time spent in this place.
 D = Time resting spent in this place.
 E = Time spent auto-exploring this place.
 F = Levels seen in this place.
 G = Mean time per level.
                   A        B        C        D        E       F      G
               +--------+--------+--------+--------+--------+-----+--------+
         Total |   1992 |   1908 |     84 |    422 |   1237 |   2 |  996.0 |
       Dungeon |   1992 |   1908 |     84 |    422 |   1237 |   2 |  996.0 |
               +--------+--------+--------+--------+--------+-----+--------+

Top non-repeatable levels by time:
     D:1: 1140 daAuts
     D:2: 852 daAuts
